 Dungeon Crawl Stone Soup version 0.26-a0-651-gb41185065b (webtiles) character file.

Game seed: 7099569501589079062

775773 karrick the Imperceptible (level 27, -18/226 HPs)
             Began as a Gnoll Brigand on Sept 30, 2020.
             Was the Champion of Okawaru.
             Killed from afar by a hellion (20 damage)
             ... with damnation
             ... in Pandemonium on Oct 1, 2020.
             The game lasted 07:25:19 (100927 turns).

karrick the Imperceptible (Gnoll Brigand)         Turns: 100927, Time: 07:25:19

Health: -18/226    AC: 32    Str: 31    XL:     27
Magic:  41/47      EV: 40    Int: 18    God:    Okawaru [******]
Gold:   7502       SH: 35    Dex: 36    Spells: 28/66 levels left

rFire    + + .     SeeInvis .   e - +8 autumn katana {vorpal, Clar}
rCold    . . .     Faith    .   x - +8 tower shield "Liunor Omoesk" {rF++ Stlth+}
rNeg     . . .     Spirit   .   M - quicksilver dragon scales
rPois    +         Reflect  .   F - +2 helmet "Mowiasum" {rElec Str+8 Dex+9}
rElec    +         Harm     .   s - +2 cloak {rPois}
rCorr    .         Rampage  +   g - +2 pair of gloves {Str+3}
MR       +++..     Clarity  +   t - +2 pair of boots {rampage}
Stlth    ++++++++++             T - amulet "Itizost" {RegenMP Dex+4 Stlth+}
HPRegen  0.47/turn              O - ring of flight
MPRegen  0.55/turn              n - ring "Goathroh" {rElec Int+2 Slay+6 Stlth+}

@: flying, studying 4 skills
A: distributed training, fangs 1, repulsion field 1, strong 1, strong nose
}: 4/15 runes: decaying, silver, dark, gossamer
a: Heroism, Finesse, Renounce Religion, Stop Flying


You were in Pandemonium.
You worshipped Okawaru.
Okawaru was exalted by your worship.
You visited 12 branches of the dungeon, and saw 53 of its levels.
You visited Pandemonium 1 time, and saw 3 of its levels.
You visited the Abyss 8 times.
You also visited: Trove, Sewer, Bailey and Wizlab.

You collected 12916 gold pieces.
You spent 5414 gold pieces at shops.

Inventory:

Hand Weapons
 a - the +11 demon trident of Peace {drain, +Blink Int+4}
   (Okawaru gifted it to you on level 3 of the Lair of Beasts)

   A truly terrible weapon, it drains the life of those it strikes.
   It affects your intelligence (+4).
   It lets you blink.
 e - the +8 autumn katana (weapon) {vorpal, Clar}
   (You found it on level 3 of the Depths)

   It inflicts extra damage upon your enemies.
   It protects you against confusion.
 Y - the +11 hand axe of Veimasko {elec, +Blink +Rage Int-2 SInv}
   (You found it on level 5 of the Vaults)

   Occasionally, upon striking a foe, it will discharge some electrical energy
   and cause terrible harm.
   It affects your intelligence (-2).
   It lets you see invisible.
   It lets you blink.
   It lets you go berserk.
Missiles
 Z - 9 silver javelins (quivered)
Armour
 b - +3 storm dragon scales {Bai Suzhen}
 g - a +2 pair of gloves of strength (worn)
 s - a +2 cloak of poison resistance (worn)
 t - a +2 pair of boots of rampaging (worn)
 u - +0 gold dragon scales
 x - the +8 tower shield "Liunor Omoesk" (worn) {rF++ Stlth+}
   (Okawaru gifted it to you on level 4 of the Depths)

   It greatly protects you from fire.
   It makes you more stealthy.
 F - the +2 helmet "Mowiasum" (worn) {rElec Str+8 Dex+9}
   (You found it on level 4 of the Depths)

   It affects your strength (+8).
   It affects your dexterity (+9).
   It insulates you from electricity.
 M - quicksilver dragon scales (worn)
 Q - the +8 scale mail of Noughts and Crosses {rC- rCorr Str-2 Int+10}
   (You found it on level 3 of the Depths)

   It affects your strength (-2).
   It affects your intelligence (+10).
   It makes you vulnerable to cold.
   It provides partial protection from all sources of acid and corrosion.
Jewellery
 k - the ring "Ulousk" {rElec rF+ rC- MP+9 Int+5}
   (You took it off a deep elf mage on level 3 of the Elven Halls)

   [ring of magical power]

   It affects your intelligence (+5).
   It protects you from fire.
   It makes you vulnerable to cold.
   It insulates you from electricity.
   It affects your magic capacity (+9).
 n - the ring "Goathroh" (right hand) {rElec Int+2 Slay+6 Stlth+}
   (You bought it in a shop on level 2 of the Orcish Mines)

   [ring of stealth]

   It affects your intelligence (+2).
   It affects your accuracy and damage with ranged weapons and melee attacks
   (+6).
   It insulates you from electricity.
   It makes you more stealthy.
 K - the ring of Eternal Harmony {Wiz rC+ Int+3 Dex+2 Stlth+}
   (You acquired it on level 3 of the Depths)

   [ring of wizardry]

   It improves your spell success rate.
   It affects your intelligence (+3).
   It affects your dexterity (+2).
   It protects you from cold.
   It makes you more stealthy.
 L - the ring of Tyrhyschewn {rCorr Int+4 SInv}
   (You bought it in a shop on level 2 of the Orcish Mines)

   [ring of resist corrosion]

   It affects your intelligence (+4).
   It lets you see invisible.
   It provides partial protection from all sources of acid and corrosion.
 O - a ring of flight (left hand)
 T - the amulet "Itizost" (around neck) {RegenMP Dex+4 Stlth+}
   (You took it off a rakshasa on level 15 of the Dungeon)

   [amulet of magic regeneration]

   It increases your magic regeneration.
   It affects your dexterity (+4).
   It makes you more stealthy.
 U - the amulet "Maulac" {Faith rN++}
   (You found it on level 1 of the Swamp)

   [amulet of faith]

   It allows you to gain divine favour quickly.
   It greatly protects you from negative energy.
 W - the ring "Ojemox" {+Inv rPois rF+ MR+ SInv}
   (You found it in a treasure trove)

   [ring of poison resistance]

   It protects you from fire.
   It protects you from poison.
   It affects your resistance to hostile enchantments.
   It lets you see invisible.
   It lets you turn invisible.
Wands
 y - a wand of acid (60)
 H - a wand of flame (154)
 N - a wand of disintegration (85)
 R - a wand of digging (18)
Scrolls
 h - 3 scrolls of blinking
 o - 41 scrolls of remove curse
 p - 34 scrolls of teleportation
 q - 12 scrolls of magic mapping
 z - 6 scrolls of enchant armour
 D - 17 scrolls of enchant weapon
 E - 7 scrolls of summoning
 G - 9 scrolls of fear
 I - 15 scrolls of fog
 S - 8 scrolls of identify
Potions
 f - 5 potions of magic
 i - 6 potions of haste
 j - 14 potions of might
 m - 34 potions of curing
 v - a potion of cancellation
 A - 11 potions of brilliance
 B - 2 potions of resistance
 J - 8 potions of ambrosia
 P - 20 potions of mutation
 X - a potion of stabbing
Books
 d - a manual of Dodging
 l - a manual of Unarmed Combat
 w - a manual of Long Blades
 V - a manual of Stealth
Miscellaneous
 c - a condenser vane (2/2)
 r - the horn of Geryon
 C - a tin of tremorstones (3/3)


   Skills:
 + Level 20.5 Fighting
 + Level 20.5 Short Blades
 + Level 20.9 Long Blades
 + Level 20.2 Axes
 + Level 20.2 Maces & Flails
 + Level 20.2 Polearms
 + Level 20.2 Staves
 + Level 24.1 Slings
 + Level 20.2 Bows
 + Level 20.2 Crossbows
 + Level 20.5 Throwing
 + Level 20.2 Armour
 + Level 24.0 Dodging
 + Level 24.6 Stealth
 + Level 20.2 Shields
 + Level 22.5 Unarmed Combat
 + Level 20.2 Spellcasting
 + Level 17.5 Conjurations
 + Level 17.5 Hexes
 + Level 22.2 Summonings
 + Level 17.5 Necromancy
 + Level 17.5 Translocations
 + Level 17.5 Transmutations
 + Level 17.5 Fire Magic
 + Level 21.7 Ice Magic
 + Level 17.5 Air Magic
 + Level 17.5 Earth Magic
 + Level 17.5 Poison Magic
 + Level 21.7 Invocations
 + Level 20.2 Evocations


You had 28 spell levels left.
You knew the following spells:

 Your Spells              Type           Power        Failure   Level
a - Stone Arrow           Conj/Erth      ######       0%          3
b - Passwall              Tmut/Erth      ######..     0%          2
c - Silence               Hex/Air        ######....   1%          5
d - Summon Mana Viper     Hex/Summ       ######..     1%          5
e - Summon Demon          Summ           #######...   1%          5
f - Shadow Creatures      Summ           N/A          1%          6
g - Statue Form           Tmut/Erth      ######...    1%          6
h - Ozocubu's Refrigerat  Ice            #######...   1%          6

Your spell library contained the following spells:

 Spells                   Type           Power        Failure   Level
 Animate Skeleton         Necr           ######       0%          1
 Apportation              Tloc           ######       0%          1
 Beastly Appendage        Tmut           ######       0%          1
 Corona                   Hex            ######.      0%          1
 Foxfire                  Conj/Fire      ####         0%          1
 Magic Dart               Conj           ####         0%          1
 Pain                     Necr           ####         0%          1
 Sandblast                Erth           ######       0%          1
 Sting                    Tmut/Pois      ####         0%          1
 Summon Small Mammal      Summ           ####         0%          1
 Blink                    Tloc           N/A          0%          2
 Call Imp                 Summ           #######.     0%          2
 Ensorcelled Hibernation  Hex/Ice        ######       0%          2
 Poisonous Vapours        Pois/Air       ######       0%          2
 Slow                     Hex            ######..     0%          2
 Wereblood                Tmut           ######..     0%          2
 Call Canine Familiar     Summ           #######.     0%          3
 Confusing Touch          Hex            ######..     0%          3
 Conjure Flame            Conj/Fire      ######..     0%          3
 Dazzling Flash           Conj/Hex       ######       0%          3
 Gell's Gravitas          Tloc           ######....   0%          3
 Ignite Poison            Fire/Tmut/Pois ######..     0%          3
 Inner Flame              Hex/Fire       ######..     0%          3
 Mephitic Cloud           Conj/Pois/Air  ######..     0%          3
 Portal Projectile        Hex/Tloc       ######       0%          3
 Spider Form              Tmut/Pois      ######....   0%          3
 Static Discharge         Conj/Air       ######..     0%          3
 Summon Guardian Golem    Hex/Summ       ######..     0%          3
 Tukima's Dance           Hex            ######..     0%          3
 Vampiric Draining        Necr           ######....   0%          3
 Summon Ice Beast         Ice/Summ       #######.     0%          4
 Animate Dead             Necr           ######....   1%          4
 Cause Fear               Hex            ######....   1%          4
 Ice Form                 Ice/Tmut       ######..     1%          4
 Leda's Liquefaction      Hex/Erth       ######....   1%          4
 Olgreb's Toxic Radiance  Pois           ######..     1%          4
 Petrify                  Tmut/Erth      ######..     1%          4
 Sticky Flame             Conj/Fire      ######..     1%          4
 Summon Lightning Spire   Summ/Air       ######..     1%          4
 Agony                    Necr           ######..     1%          5
 Alistair's Intoxication  Tmut/Pois      ######...    1%          5
 Bolt of Magma            Conj/Fire/Erth ######....   1%          5
 Borgnjor's Vile Clutch   Necr/Erth      ######....   1%          5
 Fireball                 Conj/Fire      ######....   1%          5
 Irradiate                Conj/Tmut      ######....   1%          5
 Lee's Rapid Deconstruct  Erth           ######....   1%          5
 Lightning Bolt           Conj/Air       ######....   1%          5
 Metabolic Englaciation   Hex/Ice        ######....   1%          5
 Summon Forest            Summ/Tloc      ######....   1%          5
 Yara's Violent Unravell  Hex/Tmut       ######....   1%          5
 Conjure Ball Lightning   Conj/Air       ######....   1%          6
 Death Channel            Necr           ######....   1%          6
 Dispersal                Tloc           ######....   1%          6
 Freezing Cloud           Conj/Ice/Air   ######....   1%          6
 Hydra Form               Tmut           ######....   1%          6
 Iron Shot                Conj/Erth      ######....   1%          6
 Simulacrum               Ice/Necr       ######....   1%          6
 Starburst                Conj/Fire      ######....   1%          6
 Spellforged Servitor     Conj/Summ      ######....   1%          7
 Summon Hydra             Summ           #######...   1%          7
 Dragon Form              Tmut           ######....   3%          7
 Discord                  Hex            ######....   30%         8
 Disjunction              Tloc           ######....   30%         8
 Ignition                 Fire           ######....   30%         8
 Dragon's Call            Summ           #######...   56%         9
 Shatter                  Erth           ######....   99%         9
 Tornado                  Air            ######....   99%         9


Dungeon Overview and Level Annotations

Branches:
Dungeon (15/15)            Temple (1/1) D:6            Lair (6/6) D:11
  Swamp (4/4) Lair:4       Spider (4/4) Lair:3        Slime (0/5) Lair:6
    Orc (2/2) D:9             Elf (3/3) Orc:2        Vaults (5/5) D:14
  Crypt (3/3) Vaults:2       Tomb (0/3) Crypt:3      Depths (5/5) D:15
   Hell (visited)             Dis (0/7) Hell            Geh (0/7) Hell
    Coc (0/7) Hell            Tar (0/7) Hell            Zot (4/5) Depths:5
  Sewer (visited)          Bailey (visited)          WizLab (visited)

Altars:
Ashenzari
Cheibriados
Dithmenos
Elyvilon
Fedhas
Gozag
Hepliaklqana
Kikubaaqudgha
Makhleb
Nemelex Xobeh
Okawaru
Qazlal
Ru
Sif Muna
Trog
Uskayaw
Vehumet
Wu Jian
Xom
Yredelemnul
Zin
The Shining One
Beogh

Shops:
D:4 *   Orc:2 [(=*=   Elf:2 (   Elf:3 ?:!   Vaults:2 *   Vaults:4 !
Depths:5 =

Portals:
Hell: Depths:1 Depths:2 Depths:3 Depths:4 Depths:5
Abyss: Depths:4
Pandemonium: Depths:3
Ziggurat: Depths:2

Annotations:
Vaults:2 Frederick
Depths:5 1 runed translucent door


Innate Abilities, Weirdness & Mutations

Your experience applies equally to all skills.
You have very sharp teeth.
Your uncanny sense of smell can sniff out nearby items.
You are surrounded by a mild repulsion field. (EV +2)
Your muscles are strong. (Str +2)


Message History

The hellion gestures at you.
The sphere of damnation explodes!
The damnation engulfs you!!! The damnation engulfs your ice devil!!
Your ice devil dies!
The hellion gestures at you.
The sphere of damnation explodes!
The damnation engulfs you!! The hellion gestures at you.
The sphere of damnation explodes!
The damnation engulfs you!! The hellion gestures at you.
The sphere of damnation explodes!
The damnation engulfs you!!
* * * LOW HITPOINT WARNING * * *
The hellion gestures at you.
The sphere of damnation explodes!
The damnation engulfs you!!
* * * LOW HITPOINT WARNING * * *
The hellion gestures at you.
The sphere of damnation explodes!
The damnation engulfs you!!
* * * LOW HITPOINT WARNING * * *
The hellion gestures at you.
The sphere of damnation explodes!
The damnation engulfs you!!
You die...

..........#....≈§≈§§222.§≈≈≈≈....
..........#.....≈≈§≈2222§≈≈≈.....
..........#......≈≈≈≈2≈≈≈≈≈≈.....
###########......≈§≈≈≈≈≈≈≈≈......
...............§≈§≈≈≈§≈§≈§.....
................X1§§≈≈§........
.................X≈≈≈..........
.................§§X...........
..............@................
..........#####..........^.....
####......#...'...#######......
#......#...#...#.....#......
#......#...#...#.....#......
#......#...#...#.....#......
##......#...#...#...^.#......
........#...#...#.....#......
.........##'##...##'####......


You could see 5 hellions, a friendly Executioner (summoned) and 3 friendly large
abominations.

Vanquished Creatures
  Gloorx Vloq (Pan)
  A pandemonium lord (Pan)
  3 ancient liches
  Mennas (Crypt:3)
  Mara (Crypt:3)
  A juggernaut (Depths:5)
  the Lernaean hydra (Swamp:4)
  Bai Suzhen (Vaults:4)
  Margery (Vaults:3)
  3 Killer Klowns
  Geryon (Hell)
  A curse toe (Zot:2)
  A caustic shrike (Depths:2)
  10 golden dragons
  A mutant beast (WizLab)
  2 bone dragons
  The ghost of Pikuto the Slayer, an adept MiBe of Trog (Depths:3)
  A profane servitor (Abyss:2)
  A Tzitzimitl (Pan)
  15 tentacled monstrosities
  A hellephant (Abyss:1)
  An Ice Fiend (Pan)
  8 liches
  A Hell Sentinel (Abyss:3)
  2 deep elf blademasters (Elf:3)
  2 deep elf master archers (Elf:3)
  6 titans
  6 quicksilver dragons
  22 Executioners
  8 death cobs
  20 tentacled starspawn
  Frances (D:13)
  A quicksilver dragon (shapeshifter) (Vaults:3)
  12 sphinxes
  5 ancient champions
  2 thorn hunters
  A storm dragon (shapeshifter) (Vaults:1)
  12 storm dragons
  8 tengu reavers
  15 fire giants
  10 shadow dragons
  6 draconian monks
  Kirke (Lair:4)
  2 daevas (Abyss:2)
  5 balrugs
  A revenant (Hell)
  4 ghost moths
  A caustic shrike zombie (Depths:3)
  5 draconian knights
  3 cacodemons (Pan)
  14 vault wardens
  An iron dragon (Depths:4)
  9 frost giants
  2 draconian scorchers
  9 ghouls
  A juggernaut zombie (Crypt:1)
  2 warmongers (Pan)
  9 deep elf sorcerers
  4 draconian stormcallers
  2 orc warlords
  11 emperor scorpions
  2 corrupters (Pan)
  3 draconian annihilators
  5 deep elf elementalists (Elf:3)
  2 curse skulls
  44 very ugly things
  5 draconian shifters
  13 reapers
  2 blood saints (Pan)
  23 stone giants
  A war gargoyle (Vaults:5)
  22 ironheart preservers
  9 entropy weavers
  10 green draconians
  2 black suns (Pan)
  11 deep elf demonologists
  3 lorocyprocas (Pan)
  11 purple draconians
  Nessos (D:13)
  3 black draconians
  11 vampire knights
  12 deep elf annihilators
  7 yellow draconians
  11 white draconians
  11 red draconians
  14 spark wasps
  8 eidola
  Snorg (D:11)
  3 crystal guardians
  17 ettins
  5 green deaths
  7 blizzard demons
  A merfolk javelineer (Depths:1)
  A merfolk impaler (Depths:1)
  A mummy priest (Crypt:3)
  A quicksilver dragon zombie (Crypt:2)
  14 deep elf death magi
  15 yaktaur captains
  2 deep elf high priests
  17 fire dragons
  10 jiangshi
  12 ogre magi
  13 great orbs of eyes
  2 great orbs of eyes (shapeshifter) (Abyss:4)
  A kraken zombie (Hell)
  8 ice dragons
  37 vault guards
  30 hydras
  Erolcha (Orc:1)
  2 quicksilver dragon skeletons
  Harold (D:8)
  6 spriggan air magi
  10 rakshasas
  The ghost of CowFu the Martial Artist, a journeyman GnWn of Qazlal (D:10)
  A ghost crab (Swamp:1)
  4 catoblepae
  A hell beast (Pan)
  The ghost of Hotior the Carver, a journeyman FoFi of Okawaru (D:9)
  11 centaur warriors
  35 two-headed ogres
  4 shambling mangroves
  A two-headed ogre (shapeshifter) (Depths:2)
  13 alligators
  36 dancing weapons
  14 deep troll shamans
  2 death knights
  7 deep troll earth magi
  10 tengu warriors
  A queen ant (shapeshifter) (Depths:4)
  15 death yaks
  A queen ant (Spider:4)
  8 vampire magi
  5 hell hogs
  3 titan zombies
  Urug (Orc:2)
  36 thrashing horrors
  5 spriggan berserkers
  An iron golem (WizLab)
  A shock serpent (shapeshifter) (Depths:2)
  2 orc high priests
  16 soul eaters
  2 titan skeletons (Pan)
  39 deep elf knights
  14 wretched stars
  A storm dragon zombie (Crypt:3)
  21 hell knights
  5 sixfirhies
  An iron troll (Depths:3)
  21 sun demons
  30 skeletal warriors
  2 fire crabs (shapeshifter)
  11 shadow wraiths
  6 glowing orange brains
  2 storm dragon skeletons
  2 spatial maelstroms
  A sea snake (shapeshifter) (Abyss:3)
  11 unseen horrors
  2 spriggan druids
  20 swamp dragons
  2 gelid demonspawn (Pan)
  A death drake (Abyss:1)
  2 golden dragon skeletons
  An infernal demonspawn (Pan)
  6 shadow demons
  3 flayed ghosts
  2 lindwurms (Swamp:4)
  28 deep elf archers
  8 wizards
  16 deep trolls
  32 starcursed masses
  A wolf spider zombie (Hell)
  A lindwurm (shapeshifter) (Vaults:4)
  13 ironbrand convokers
  12 harpies
  An anaconda skeleton (Hell)
  12 phantasmal warriors
  A mana viper (shapeshifter) (Elf:3)
  An orb spider (shapeshifter) (WizLab)
  12 necromancers
  A frost giant zombie (Hell)
  A harpy (shapeshifter) (Vaults:3)
  18 orc knights
  21 orb spiders
  An iron dragon zombie (Abyss:3)
  28 wolf spiders
  42 ugly things
  5 orc sorcerers
  A shadow dragon skeleton (Pan)
  A cyclops (shapeshifter) (Elf:2)
  2 frost giant skeletons
  2 fire giant skeletons
  81 deep elf magi
  A sphinx skeleton (Crypt:1)
  7 worldbinders
  9 manticores
  9 cyclopes
  A moth of wrath (shapeshifter) (Vaults:4)
  An iron dragon skeleton (Pan)
  3 fire giant zombies
  Joseph (D:7)
  A shining eye (Abyss:2)
  11 moths of wrath
  7 apocalypse crabs
  2 rust devils (Depths:1)
  A black mamba (Lair:6)
  3 stone giant skeletons (Pan)
  9 orange demons
  15 smoke demons
  3 ice statues
  An eye of devastation (Abyss:1)
  2 guardian serpents
  2 guardian serpents (shapeshifter)
  A titan simulacrum (Abyss:1)
  6 torpor snails
  2 storm dragon simulacra
  A molten gargoyle (Hell)
  2 human zombies
  17 vault sentinels
  2 cane toads (shapeshifter)
  17 cane toads
  A gargoyle (D:14)
  4 dire elephant skeletons
  3 hellions
  A minotaur zombie (Crypt:3)
  2 kobold demonologists (D:15)
  A rime drake (Lair:3)
  An emperor scorpion zombie (Abyss:4)
  2 komodo dragons (shapeshifter)
  3 rime drakes (shapeshifter)
  A sea snake zombie (Crypt:1)
  A tormentor (Depths:3)
  An iron troll zombie (Crypt:1)
  An efreet (Abyss:4)
  A redback zombie (D:15)
  A black draconian zombie (Crypt:1)
  8 hellwings
  18 freezing wraiths
  2 komodo dragons (Lair:6)
  57 yaktaurs
  4 ice devils
  23 demonic crawlers
  23 ancient zymes
  An anaconda simulacrum (Hell)
  6 guardian mummies (Crypt:3)
  5 red devils
  29 jumping spiders
  3 jumping spiders (shapeshifter)
  3 tengu conjurers
  13 trolls
  A polar bear (Lair:2)
  27 hornets
  A hydra zombie (Hell)
  Grinder (D:6)
  5 trolls (shapeshifter)
  17 tyrant leeches
  15 blink frogs
  10 hippogriffs
  5 wind drakes (shapeshifter)
  A hydra skeleton (Hell)
  38 raiju
  15 bog bodies
  A meliai zombie (D:13)
  2 raiju (shapeshifter)
  4 dream sheep (shapeshifter)
  An ettin zombie (Vaults:4)
  44 slime creatures
  2 hippogriffs (shapeshifter) (WizLab)
  5 ice dragon skeletons
  2 fire dragon skeletons (Pan)
  15 ynoxinuls
  An iron dragon simulacrum (Hell)
  2 frost giant simulacra
  A centaur simulacrum (D:10)
  Sigmund (D:6)
  2 shadows
  9 wraiths
  40 yaks
  3 ettin skeletons
  36 tarantellas
  3 tarantellas (shapeshifter)
  4 flying skulls
  75 redbacks
  10 spriggans
  4 air elementals
  23 water elementals
  A black mamba skeleton (Crypt:1)
  6 fire bats
  3 wyverns
  A hog (shapeshifter) (WizLab)
  5 vampires
  A fire bat (shapeshifter) (Depths:2)
  A golden eye (Abyss:2)
  2 hogs (Lair:4)
  A human (WizLab)
  4 golden eyes (shapeshifter)
  2 humans (shapeshifter)
  12 fire elementals
  A basilisk (Lair:6)
  30 chaos spawn
  5 neqoxecs
  16 insubstantial wisps
  14 vampire mosquitoes
  6 wargs
  22 swamp worms
  A soldier ant (shapeshifter) (WizLab)
  An acid dragon (Vaults:1)
  24 soldier ants
  13 hell hounds
  7 floating eyes
  11 water moccasins
  A cane toad zombie (Hell)
  A black bear (D:8)
  8 porcupines
  2 black bears (shapeshifter) (WizLab)
  A floating eye (shapeshifter) (Vaults:5)
  A gelid demonspawn skeleton (Crypt:2)
  4 ice beasts
  A sky beast (shapeshifter) (Depths:3)
  A swamp dragon zombie (Crypt:3)
  12 swamp drakes
  89 large abominations
  A hornet zombie (D:9)
  41 orc warriors
  4 eyes of draining
  An ice beast (shapeshifter) (WizLab)
  4 sky beasts
  A phantom (D:9)
  4 necrophages
  2 cane toad skeletons (Hell)
  34 ogres
  4 boggarts
  3 eyes of draining (shapeshifter)
  A tengu (shapeshifter) (D:15)
  23 centaurs
  A swamp dragon skeleton (Abyss:2)
  A snapping turtle skeleton (Pan)
  9 crocodiles
  Blork the orc (Orc:2)
  A hog skeleton (Crypt:3)
  A fire crab zombie (Crypt:3)
  2 big kobolds
  15 bullfrogs
  An octopode zombie (Crypt:3)
  A glowing shapeshifter simulacrum (Vaults:2)
  9 earth elementals
  2 gnoll sergeants
  57 small abominations
  A wyvern skeleton (Crypt:1)
  2 water moccasin skeletons
  10 scorpions
  A water moccasin zombie (Crypt:3)
  10 killer bees
  An orc simulacrum (Vaults:1)
  18 wights
  2 electric eels (Spider:1)
  7 howler monkeys
  6 crimson imps
  2 centaur zombies
  A bullfrog zombie (D:12)
  5 jellies
  4 quasits
  14 orc priests
  8 hounds
  A hound (shapeshifter) (Vaults:5)
  A bullfrog skeleton (D:9)
  Crazy Yiuf (D:4)
  5 centaur skeletons
  4 iron imps
  Ijyb (D:4)
  3 iguanas
  31 orc wizards
  23 worker ants
  A worker ant (shapeshifter) (D:15)
  A tengu zombie (Crypt:2)
  A big kobold skeleton (Crypt:2)
  2 hound zombies
  A hound skeleton (D:6)
  2 mummies (Crypt:3)
  Robin (D:4)
  17 gnolls
  2 worker ant zombies
  15 adders
  4 river rats (Sewer)
  4 shadow imps
  15 white imps
  9 ufetubi
  An ooze (D:7)
  An adder skeleton (Crypt:3)
  A lava snake skeleton (Crypt:2)
  4 worms
  5 dart slugs
  6 leopard geckos
  78 orcs
  4 ball pythons
  10 giant cockroaches
  13 goblins
  9 hobgoblins
  5 jackals
  7 quokkas
  4 bats
  11 frilled lizards
  A hobgoblin skeleton (Crypt:3)
  3 jackal skeletons
  28 kobolds
  A leopard gecko skeleton (D:4)
  A quokka skeleton (D:8)
  16 rats
  38 briar patches
  3 lurking horrors
  15 starspawn tentacles
  3 tentacles (Hell)
3356 creatures vanquished.

Vanquished Creatures (collateral kills)
  A tentacled monstrosity (Vaults:5)
  An ancient champion (Crypt:3)
  A cacodemon (Abyss:4)
  3 ghouls (Crypt:3)
  A warmonger (Pan)
  A jiangshi (Crypt:1)
  A vault guard (Vaults:5)
  A death knight (Crypt:3)
  A vampire mage (Crypt:2)
  3 skeletal warriors (Crypt:3)
  A gelid demonspawn (Pan)
  A flayed ghost (Crypt:2)
  A phantasmal warrior (Crypt:1)
  An orange demon (Pan)
  A freezing wraith (Crypt:3)
  A guardian mummy (Crypt:3)
  A death drake zombie (Crypt:1)
  A large abomination (Abyss:4)
  A meliai zombie (Crypt:2)
  A water elemental (Depths:5)
  A ynoxinul (Depths:3)
  A wraith (Crypt:2)
  4 neqoxecs
  A necrophage (Crypt:3)
  A small abomination (Abyss:4)
32 creatures vanquished.

Vanquished Creatures (others)
  An eldritch tentacle (Depths:3)
  A reaper (Abyss:2)
  A hell hog (Depths:4)
  A lindwurm (Swamp:4)
  A raiju (Abyss:2)
  A ynoxinul (Abyss:2)
  An insubstantial wisp (Swamp:1)
  An orc warrior (Vaults:2)
  A jelly (D:13)
  An orc wizard (Orc:2)
  An ooze (D:3)
  3 briar patches
  7 demonic plants (Abyss:1)
  42 fungi
  A lurking horror (Abyss:2)
  101 plants
  30 starspawn tentacles
  7 tentacles (Hell)
202 creatures vanquished.

Grand Total: 3590 creatures vanquished

Notes
Turn   | Place    | Note
-------+----------+-------------------------------------------
     0 | D:1      | karrick the Gnoll Brigand began the quest for the Orb.
     0 | D:1      | Reached XP level 1. HP: 20/20 MP: 1/1
   192 | D:1      | Reached XP level 2. HP: 26/26 MP: 2/2
   823 | D:2      | Reached XP level 3. HP: 17/31 MP: 3/3
  1013 | D:2      | Reached skill level 1 in Invocations
  1054 | D:2      | Reached skill level 1 in Long Blades
  1054 | D:2      | Reached skill level 1 in Axes
  1054 | D:2      | Reached skill level 1 in Maces & Flails
  1054 | D:2      | Reached skill level 1 in Polearms
  1054 | D:2      | Reached skill level 1 in Staves
  1054 | D:2      | Reached skill level 1 in Slings
  1054 | D:2      | Reached skill level 1 in Bows
  1054 | D:2      | Reached skill level 1 in Crossbows
  1054 | D:2      | Reached skill level 1 in Armour
  1054 | D:2      | Reached skill level 1 in Shields
  1054 | D:2      | Reached skill level 1 in Unarmed Combat
  1054 | D:2      | Reached skill level 1 in Spellcasting
  1054 | D:2      | Reached skill level 1 in Evocations
  1131 | D:2      | Reached XP level 4. HP: 36/38 MP: 5/5
  1287 | D:2      | Found a sparkling altar of Nemelex Xobeh.
  1544 | D:2      | Reached skill level 1 in Conjurations
  1544 | D:2      | Reached skill level 1 in Hexes
  1544 | D:2      | Reached skill level 1 in Summonings
  1544 | D:2      | Reached skill level 1 in Necromancy
  1544 | D:2      | Reached skill level 1 in Translocations
  1544 | D:2      | Reached skill level 1 in Transmutations
  1544 | D:2      | Reached skill level 1 in Fire Magic
  1544 | D:2      | Reached skill level 1 in Ice Magic
  1544 | D:2      | Reached skill level 1 in Air Magic
  1544 | D:2      | Reached skill level 1 in Earth Magic
  1544 | D:2      | Reached skill level 1 in Poison Magic
  1620 | D:3      | Noticed a bullfrog
  1631 | D:3      | Killed a bullfrog
  1631 | D:3      | Reached XP level 5. HP: 24/43 MP: 5/7
  2381 | D:3      | Found a radiant altar of Vehumet.
  2486 | D:3      | Reached XP level 6. HP: 50/50 MP: 8/8
  2696 | D:3      | Reached skill level 5 in Fighting
  2696 | D:3      | Reached skill level 5 in Short Blades
  2696 | D:3      | Reached skill level 5 in Throwing
  3080 | D:4      | Found Heysoesk's Elemental Accessories.
  3230 | D:4      | Reached XP level 7. HP: 56/56 MP: 10/10
  3352 | D:4      | Found a runed translucent door.
  3353 | D:4      | Noticed Crazy Yiuf
  3363 | D:4      | Killed Crazy Yiuf
  3406 | D:4      | Found a sacrificial altar of Ru.
  3427 | D:4      | Noticed Robin
  3483 | D:4      | Killed Robin
  3739 | D:4      | Noticed Ijyb
  3742 | D:4      | Killed Ijyb
  3892 | D:5      | Entered Level 5 of the Dungeon
  4130 | D:5      | Found a glowing drain.
  4178 | Sewer    | Entered a sewer
  4184 | Sewer    | Reached XP level 8. HP: 63/63 MP: 12/12
  4543 | D:5      | Found a basalt altar of Yredelemnul.
  4559 | D:5      | Noticed a profane servitor
  4582 | D:5      | Found a glowing golden altar of the Shining One.
  4584 | D:5      | Noticed an angel
  4631 | D:5      | Found a stormy altar of Qazlal.
  5309 | D:6      | Noticed Sigmund
  5420 | D:6      | Killed Sigmund
  5464 | D:6      | Noticed Grinder
  5479 | D:6      | Paralysed by Grinder for 3 turns
  5524 | D:6      | Killed Grinder
  5984 | D:6      | Found a staircase to the Ecumenical Temple.
  5990 | Temple   | Entered the Ecumenical Temple
  6721 | D:7      | Noticed Joseph
  6854 | D:6      | Reached XP level 9. HP: 65/69 MP: 14/14
  7180 | D:7      | Found a bloodstained altar of Trog.
  7268 | D:7      | Got a bone quarterstaff
  7272 | D:7      | Identified the cursed +3 quarterstaff "Cefesumm" {chaos,
                  | rF- Str+6 Dex+2} (You found it on level 7 of the Dungeon)
  7333 | D:7      | Found a blossoming altar of Fedhas.
  7566 | D:8      | Reached skill level 5 in Dodging
  8110 | D:8      | Reached skill level 5 in Invocations
  8323 | D:8      | Found a shimmering altar of Xom.
  8366 | D:8      | Noticed Harold
  8727 | D:7      | Killed Joseph
  8727 | D:7      | Reached XP level 10. HP: 45/77 MP: 17/17
  9399 | Temple   | Became a worshipper of Sif Muna the Loreminder
  9460 | D:8      | Learned a level 3 spell: Stone Arrow
  9553 | D:9      | Found an iron altar of Okawaru.
  9561 | D:9      | Fell from the grace of Sif Muna
  9561 | D:9      | Became a worshipper of Warmaster Okawaru
  9562 | D:9      | Noticed a +0 hand axe
  9566 | D:9      | Noticed a +0 dagger
  9592 | D:9      | Found a hide-covered altar of Uskayaw.
  9623 | D:9      | Reached skill level 5 in Long Blades
  9623 | D:9      | Reached skill level 5 in Axes
  9623 | D:9      | Reached skill level 5 in Maces & Flails
  9623 | D:9      | Reached skill level 5 in Polearms
  9623 | D:9      | Reached skill level 5 in Staves
  9623 | D:9      | Reached skill level 5 in Slings
  9623 | D:9      | Reached skill level 5 in Bows
  9623 | D:9      | Reached skill level 5 in Crossbows
  9623 | D:9      | Reached skill level 5 in Armour
  9623 | D:9      | Reached skill level 5 in Shields
  9623 | D:9      | Reached skill level 5 in Unarmed Combat
  9623 | D:9      | Reached skill level 5 in Spellcasting
  9623 | D:9      | Reached skill level 5 in Evocations
  9647 | D:9      | Identified a scroll of acquirement
  9754 | D:9      | Learned a level 2 spell: Passwall
  9870 | D:9      | Found an opulent altar of Gozag.
  9883 | D:9      | Noticed Hotior's ghost (journeyman FoFi)
  9884 | D:9      | Found a transporter.
  9884 | D:9      | Noticed a purple ugly thing
  9889 | D:9      | Found a transporter.
 10422 | D:9      | Found a staircase to the Orcish Mines.
 10456 | D:9      | Reached * piety under Okawaru
 11390 | D:9      | Found an ornate altar of the Wu Jian Council.
 11392 | D:9      | Found a sparkling altar of Nemelex Xobeh.
 11771 | D:8      | Reached ** piety under Okawaru
 11977 | D:9      | Noticed a tengu warrior
 12371 | D:8      | Killed Harold
 12639 | D:9      | Killed a tengu warrior
 12639 | D:9      | Reached *** piety under Okawaru
 12639 | D:9      | Reached XP level 11. HP: 42/84 MP: 17/19
 12881 | D:9      | Noticed a two-headed ogre
 13250 | D:10     | Entered Level 10 of the Dungeon
 13305 | D:10     | Reached skill level 5 in Conjurations
 13305 | D:10     | Reached skill level 5 in Hexes
 13305 | D:10     | Reached skill level 5 in Summonings
 13305 | D:10     | Reached skill level 5 in Necromancy
 13305 | D:10     | Reached skill level 5 in Translocations
 13305 | D:10     | Reached skill level 5 in Transmutations
 13305 | D:10     | Reached skill level 5 in Fire Magic
 13305 | D:10     | Reached skill level 5 in Ice Magic
 13305 | D:10     | Reached skill level 5 in Air Magic
 13305 | D:10     | Reached skill level 5 in Earth Magic
 13305 | D:10     | Reached skill level 5 in Poison Magic
 14186 | D:10     | Noticed CowFu's ghost (journeyman GnWn)
 14194 | D:10     | Noticed a cyclops
 14194 | D:10     | Noticed a lich
 14195 | D:10     | Noticed a war gargoyle
 14195 | D:10     | Noticed a frost giant
 14197 | D:10     | Noticed a necromancer
 14203 | D:10     | Got a scorched falchion
 14213 | D:10     | Identified the +6 falchion of Terra Cotta {freeze, Dex+4}
                  | (You found it on level 10 of the Dungeon)
 14714 | D:10     | Reached skill level 10 in Stealth
 15220 | D:10     | Found a runed translucent door.
 15227 | D:10     | Found a runed translucent door.
 15234 | D:10     | Reached **** piety under Okawaru
 15438 | D:11     | Found a staircase to the Lair.
 15438 | D:11     | Noticed Snorg
 15448 | Lair:1   | Entered Level 1 of the Lair of Beasts
 15473 | Lair:1   | Was forgiven by Sif Muna
 15912 | Lair:1   | Found a burning altar of Makhleb.
 16213 | Lair:1   | Received a gift from Okawaru
 16620 | Lair:2   | Noticed an ice dragon
 16770 | Lair:2   | Reached ***** piety under Okawaru
 16991 | Lair:2   | Reached XP level 12. HP: 61/92 MP: 22/22
 17274 | Lair:2   | Killed an ice dragon
 17274 | Lair:2   | Received a gift from Okawaru
 17793 | Lair:3   | Received a gift from Okawaru
 17805 | Lair:3   | Got an ancient demon trident {god gift}
 17806 | Lair:3   | Identified the +11 demon trident of Peace {drain, +Blink
                  | Int+4} (Okawaru gifted it to you on level 3 of the Lair of
                  | Beasts)
 18103 | Lair:3   | Noticed a catoblepas
 18126 | Lair:3   | Found a hole to the Spider Nest.
 18131 | Lair:3   | Noticed a six-headed hydra
 18161 | Lair:4   | Found a staircase to the Swamp.
 18226 | Lair:3   | Killed a six-headed hydra
 18555 | Lair:3   | Killed a catoblepas
 18769 | Spider:1 | Entered Level 1 of the Spider Nest
 19184 | Lair:4   | Noticed Kirke
 19253 | Lair:4   | Killed Kirke
 19646 | Lair:5   | Noticed a death yak
 19646 | Lair:5   | Noticed a death yak
 19646 | Lair:5   | Noticed a death yak
 19646 | Lair:5   | Noticed a death yak
 19647 | Lair:5   | Noticed a death yak
 19763 | Lair:5   | Noticed a death yak
 19763 | Lair:5   | Noticed a death yak
 19765 | Lair:5   | Noticed a death yak
 19799 | Lair:5   | Killed a death yak
 19799 | Lair:5   | Received a gift from Okawaru
 19978 | Lair:4   | Killed a death yak
 20130 | Lair:4   | Killed a death yak
 20130 | Lair:4   | Reached XP level 13. HP: 91/100 MP: 24/24
 20176 | Lair:4   | Reached ****** piety under Okawaru
 21018 | Lair:6   | Entered Level 6 of the Lair of Beasts
 21287 | Lair:6   | Found a staircase to the Slime Pits.
 21652 | Lair:6   | Received a gift from Okawaru
 21684 | Lair:6   | Got a smoking cloak {god gift}
 21701 | Lair:5   | Identified the +1 cloak of Slovenliness {rPois} (Okawaru
                  | gifted it to you on level 6 of the Lair of Beasts)
 22169 | Lair:6   | Reached skill level 10 in Slings
 22427 | Lair:6   | Reached XP level 14. HP: 107/108 MP: 26/26
 22509 | Lair:6   | Reached skill level 10 in Fighting
 22509 | Lair:6   | Reached skill level 10 in Short Blades
 22509 | Lair:6   | Reached skill level 10 in Throwing
 23068 | D:11     | Killed Snorg
 23068 | D:11     | Received a gift from Okawaru
 23837 | D:11     | Identified Quaforac's Papyrus of Combed Thunderclap
 23847 | D:11     | Identified the Almanac of Plaster Cramp
 23855 | D:11     | Learned a level 5 spell: Silence
 23860 | D:11     | Received a gift from Okawaru
 24046 | D:11     | Identified Sif Muna's Catalogue of Dhcmrlchtdj
 24410 | D:12     | Received a gift from Okawaru
 24441 | D:12     | Reached skill level 10 in Invocations
 25067 | D:13     | Found a flagged portal.
 25106 | Bailey   | Entered a bailey
 25144 | Bailey   | Identified the +3 hand crossbow "Zetzeb" {elec, rPois rC++
                  | Str-4 Int+4}
 25187 | Bailey   | Received a gift from Okawaru
 25864 | D:13     | Received a gift from Okawaru
 25891 | D:13     | Got a jewelled scale mail
 25902 | D:13     | Identified the +1 scale mail of Vaucih {rC- Str+4 Int+3
                  | Dex+4} (You found it on level 13 of the Dungeon)
 25989 | D:13     | Noticed Frances
 26054 | D:14     | Received a gift from Okawaru
 26112 | D:14     | Found a portal to a secret trove of treasure.
 26530 | D:14     | Reached skill level 10 in Dodging
 26852 | D:14     | Reached XP level 15. HP: 113/116 MP: 28/28
 26870 | D:14     | Found a gate to the Vaults.
 26960 | D:15     | Entered Level 15 of the Dungeon
 27386 | D:15     | Found a snail-covered altar of Cheibriados.
 27435 | D:15     | Identified the amulet "Itizost" {RegenMP Dex+4 Stlth+}
 27814 | D:15     | Received a gift from Okawaru
 27969 | D:15     | Received a gift from Okawaru
 27998 | D:15     | Got a smoking robe {god gift}
 28024 | D:14     | Identified the +2 robe of Okawaru's Grace {Rampage rN+
                  | Int+2} (Okawaru gifted it to you on level 15 of the
                  | Dungeon)
 28373 | D:15     | Reached skill level 10 in Long Blades
 28373 | D:15     | Reached skill level 10 in Axes
 28373 | D:15     | Reached skill level 10 in Maces & Flails
 28373 | D:15     | Reached skill level 10 in Polearms
 28373 | D:15     | Reached skill level 10 in Staves
 28373 | D:15     | Reached skill level 10 in Bows
 28373 | D:15     | Reached skill level 10 in Crossbows
 28373 | D:15     | Reached skill level 10 in Armour
 28373 | D:15     | Reached skill level 10 in Shields
 28373 | D:15     | Reached skill level 10 in Unarmed Combat
 28373 | D:15     | Reached skill level 10 in Spellcasting
 28373 | D:15     | Reached skill level 10 in Evocations
 28507 | D:15     | Found a staircase to the Depths.
 29030 | D:13     | Killed Frances
 29083 | D:13     | Noticed Nessos
 29443 | D:13     | Killed Nessos
 30098 | D:9      | Killed Hotior's ghost
 30219 | Orc:1    | Entered Level 1 of the Orcish Mines
 30893 | Orc:2    | Entered Level 2 of the Orcish Mines
 30893 | Orc:2    | Found a roughly hewn altar of Beogh.
 30898 | Orc:2    | Noticed Urug
 30898 | Orc:2    | Noticed an orc warlord
 31150 | Orc:2    | Noticed Erolcha
 31298 | Orc:1    | Killed Erolcha
 31310 | Orc:1    | Received a gift from Okawaru
 31515 | Orc:1    | Killed an orc warlord
 31515 | Orc:1    | Received a gift from Okawaru
 31762 | Orc:2    | Noticed Blork the orc
 31786 | Orc:2    | Killed Urug
 31918 | Orc:2    | Found Erutuasi's Jewellery Boutique.
 31926 | Orc:2    | Bought the ring "Goathroh" {rElec Int+2 Slay+6 Stlth+} for
                  | 913 gold pieces
 32053 | Orc:2    | Received a gift from Okawaru
 32077 | Orc:2    | Found a roughly hewn altar of Beogh.
 32081 | Orc:2    | Found Jurim's Antique Armour Boutique.
 32084 | Orc:2    | Found a staircase to the Elven Halls.
 32097 | Orc:2    | Got a distressingly furry cloak {god gift}
 32109 | Orc:2    | Identified the -5 cloak of Okawaru's Castigation {*Corrode
                  | MR++} (Okawaru gifted it to you on level 2 of the Orcish
                  | Mines)
 32131 | Orc:2    | Killed Blork the orc
 32137 | Orc:2    | Found Heceimad's Jewellery Boutique.
 32196 | Orc:2    | Found Taosalleim's General Store.
 32203 | Orc:2    | Bought a scroll of identify for 24 gold pieces
 32213 | Orc:2    | Found Ceq Jaax's Antique Weapon Boutique.
 32307 | D:10     | Killed a lich
 32307 | D:10     | Reached skill level 10 in Ice Magic
 32388 | D:9      | Reached XP level 16. HP: 43/125 MP: 30/30
 32768 | D:10     | Killed CowFu's ghost
 33083 | Swamp:1  | Entered Level 1 of the Swamp
 34349 | Spider:1 | Received a gift from Okawaru
 34865 | Spider:2 | Received a gift from Okawaru
 35718 | Spider:2 | Reached skill level 10 in Summonings
 36741 | Spider:2 | Received a gift from Okawaru
 36741 | Spider:2 | Reached XP level 17. HP: 99/133 MP: 32/32
 37119 | Spider:2 | Received a gift from Okawaru
 37535 | Spider:3 | Received a gift from Okawaru
 37576 | Spider:4 | Entered Level 4 of the Spider Nest
 37861 | Spider:4 | Received a gift from Okawaru
 38224 | Spider:4 | Received a gift from Okawaru
 38779 | Spider:3 | Received a gift from Okawaru
 39463 | Spider:4 | Reached skill level 10 in Conjurations
 39463 | Spider:4 | Reached skill level 10 in Hexes
 39463 | Spider:4 | Reached skill level 10 in Necromancy
 39463 | Spider:4 | Reached skill level 10 in Translocations
 39463 | Spider:4 | Reached skill level 10 in Transmutations
 39463 | Spider:4 | Reached skill level 10 in Fire Magic
 39463 | Spider:4 | Reached skill level 10 in Air Magic
 39463 | Spider:4 | Reached skill level 10 in Earth Magic
 39463 | Spider:4 | Reached skill level 10 in Poison Magic
 39673 | Spider:4 | Received a gift from Okawaru
 39952 | Spider:4 | Received a gift from Okawaru
 40009 | Spider:4 | Received a gift from Okawaru
 40174 | Spider:4 | Got a gossamer rune of Zot
 40784 | Vaults:1 | Entered Level 1 of the Vaults
 40863 | D:14     | Reached XP level 18. HP: 124/142 MP: 33/33
 41860 | Vaults:1 | Reached skill level 15 in Slings
 42286 | Vaults:1 | Received a gift from Okawaru
 43006 | Vaults:2 | Found a staircase to the Crypt.
 43172 | Vaults:2 | Found Biezoshru's General Store.
 43541 | Vaults:2 | Received a gift from Okawaru
 43577 | Vaults:2 | Got a polished scale mail {god gift}
 43588 | Vaults:2 | Identified the +5 scale mail of the Thinker {Harm +Inv
                  | Int-5 Stlth+} (Okawaru gifted it to you on level 2 of the
                  | Vaults)
 44385 | Vaults:2 | Paralysed by a wizard for 7 turns
 44629 | Vaults:2 | Received a gift from Okawaru
 44641 | Vaults:2 | Got a brightly glowing hat {god gift}
 44647 | Vaults:2 | Identified the +3 hat of Love and Death {Str+6} (Okawaru
                  | gifted it to you on level 2 of the Vaults)
 44686 | Vaults:2 | Reached XP level 19. HP: 114/149 MP: 35/35
 44912 | Vaults:2 | Paralysed by a floating eye for 4 turns
 45160 | Vaults:2 | Noticed Frederick
 45869 | Vaults:2 | Got an ivory scimitar
 45870 | Vaults:2 | Identified the +5 scimitar of Qazlal's Condemnation {pain,
                  | rElec rN+} (You found it on level 2 of the Vaults)
 46159 | Vaults:2 | Bought a potion of curing for 36 gold pieces
 46440 | Vaults:3 | Received a gift from Okawaru
 46452 | Vaults:3 | Identified the -6 cloak of the Sky {*Contam Int+3 Stlth+}
                  | (Okawaru gifted it to you on level 3 of the Vaults)
 46799 | Vaults:3 | Identified the +7 glaive of the Pill Bug {speed, +Inv rElec
                  | rN+}
 47893 | Vaults:3 | Noticed Margery
 48033 | Vaults:3 | Paralysed by a sphinx for 7 turns
 48178 | Vaults:3 | Reached XP level 20. HP: 130/158 MP: 37/37
 48365 | Vaults:3 | Killed Margery
 48365 | Vaults:3 | Received a gift from Okawaru
 48544 | Vaults:3 | Received a gift from Okawaru
 49116 | Vaults:3 | Reached skill level 15 in Stealth
 49331 | Vaults:4 | Found a magical portal.
 49342 | WizLab   | Entered Cigotuvi's Fleshworks
 49796 | WizLab   | Received a gift from Okawaru
 50160 | WizLab   | Identified Jievo's Tome of Shape Shifting
 50162 | WizLab   | Identified Cigotuvi's Grimoire of Changing
 50490 | WizLab   | Got a clouded lead ring
 50496 | WizLab   | Identified the ring "Villaum" {*Slow rC+ Str+3} (You found
                  | it in a wizard's laboratory)
 50859 | Vaults:4 | Received a gift from Okawaru
 51524 | Vaults:4 | Noticed Bai Suzhen
 51610 | Vaults:4 | Received a gift from Okawaru
 51629 | Vaults:4 | Found Hiurado's Distillery.
 51637 | Vaults:4 | Bought a potion of heal wounds for 90 gold pieces
 51658 | Vaults:4 | Reached XP level 21. HP: 136/166 MP: 38/38
 52481 | Elf:1    | Entered Level 1 of the Elven Halls
 52618 | Elf:1    | Received a gift from Okawaru
 52954 | Elf:1    | Received a gift from Okawaru
 53056 | Elf:1    | Reached skill level 15 in Invocations
 53074 | Elf:1    | Received a gift from Okawaru
 53565 | Elf:1    | Learned a level 5 spell: Summon Mana Viper
 53818 | Orc:2    | Bought an uncursed ring of flight for 175 gold pieces
 53818 | Orc:2    | Bought the ring of Tyrhyschewn {rCorr Int+4 SInv} for 396
                  | gold pieces
 54210 | Elf:1    | Reached skill level 15 in Ice Magic
 54345 | Elf:2    | Found Ecorr's Antique Weapon Emporium.
 55076 | Elf:2    | Found a runed translucent gate.
 55077 | Elf:2    | Found a runed translucent gate.
 55079 | Elf:2    | Found a runed translucent gate.
 55575 | Elf:2    | Received a gift from Okawaru
 55614 | Elf:2    | Identified the +10 quarterstaff of Neurosis {vorpal, *Drain
                  | +Blink rF+++ Str-5} (You found it on level 2 of the Elven
                  | Halls)
 56079 | Elf:2    | Reached XP level 22. HP: 166/174 MP: 40/40
 56646 | Elf:3    | Entered Level 3 of the Elven Halls
 56689 | Elf:3    | Learned a level 5 spell: Summon Demon
 56732 | Elf:3    | Found Ugafakh's Distillery.
 56740 | Elf:3    | Bought a potion of mutation for 104 gold pieces
 56740 | Elf:3    | Bought 2 potions of heal wounds for 130 gold pieces
 56740 | Elf:3    | Bought a potion of heal wounds for 65 gold pieces
 56740 | Elf:3    | Bought a potion of curing for 39 gold pieces
 56740 | Elf:3    | Bought a potion of curing for 39 gold pieces
 56856 | Elf:3    | Reached skill level 15 in Fighting
 56856 | Elf:3    | Reached skill level 15 in Short Blades
 56856 | Elf:3    | Reached skill level 15 in Throwing
 56933 | Elf:3    | Reached skill level 15 in Summonings
 57321 | Elf:3    | Received a gift from Okawaru
 57549 | Elf:3    | Identified the cursed +2 spear of Imbalance {vorpal,
                  | *Contam rElec Dex+3}
 57553 | Elf:3    | Identified the ring "Ulousk" {rElec rF+ rC- MP+9 Int+5}
 57582 | Elf:3    | Identified the ring "Cuat" {+Blink Str+2 Dex-5 Stlth+}
 57588 | Elf:3    | Cast into level 2 of the Abyss (a deep elf sorcerer)
 57622 | Elf:3    | Escaped the Abyss
 57951 | Elf:3    | Identified the +6 battleaxe of Blood-Lust {freeze, rC+}
 57958 | Elf:3    | Cast into level 2 of the Abyss (a deep elf demonologist)
 58132 | Abyss:2  | Identified the +5 ring mail of Red Surprise {rCorr Int+4
                  | Dex+3 Slay-5} (You found it on level 2 of the Abyss)
 58363 | Elf:3    | Escaped the Abyss
 58813 | Elf:3    | Found Hayloeck's Magic Scroll Emporium.
 58817 | Elf:3    | Bought a scroll of identify for 34 gold pieces
 58817 | Elf:3    | Bought a scroll of enchant armour for 127 gold pieces
 58817 | Elf:3    | Bought a scroll of identify for 34 gold pieces
 58817 | Elf:3    | Bought a scroll of teleportation for 51 gold pieces
 58829 | Elf:3    | Found Evveismibiu's Book Shop.
 58893 | Elf:3    | Received a gift from Okawaru
 58925 | Elf:3    | Identified the +6 triple crossbow of Fate {freeze, Dex+6}
                  | (Okawaru gifted it to you on level 3 of the Elven Halls)
 59180 | Elf:3    | Reached skill level 15 in Dodging
 59612 | Elf:3    | Identified the Catalogue of Creative Shape Shifting
 60380 | Swamp:1  | Found a transporter.
 60523 | Swamp:1  | Found a transporter.
 60656 | Swamp:1  | Reached XP level 23. HP: 177/182 MP: 41/41
 61359 | Swamp:2  | Received a gift from Okawaru
 61916 | Swamp:2  | Reached skill level 15 in Long Blades
 61916 | Swamp:2  | Reached skill level 15 in Axes
 61916 | Swamp:2  | Reached skill level 15 in Maces & Flails
 61916 | Swamp:2  | Reached skill level 15 in Polearms
 61916 | Swamp:2  | Reached skill level 15 in Staves
 61916 | Swamp:2  | Reached skill level 15 in Bows
 61916 | Swamp:2  | Reached skill level 15 in Crossbows
 61916 | Swamp:2  | Reached skill level 15 in Armour
 61916 | Swamp:2  | Reached skill level 15 in Shields
 61916 | Swamp:2  | Reached skill level 15 in Unarmed Combat
 61916 | Swamp:2  | Reached skill level 15 in Spellcasting
 61916 | Swamp:2  | Reached skill level 15 in Evocations
 63063 | Swamp:4  | Entered Level 4 of the Swamp
 63167 | Swamp:4  | Received a gift from Okawaru
 63290 | Swamp:4  | Noticed the 27-headed Lernaean hydra
 63598 | Swamp:4  | Killed the 27-headed Lernaean hydra
 63757 | Swamp:4  | Got a decaying rune of Zot
 64335 | Swamp:1  | Gained mutation: Your spells are a little harder to cast,
                  | but a little more powerful. [mutagenic glow]
 64356 | Swamp:1  | Gained mutation: Scrolls take you a little longer to read.
                  | [mutagenic glow]
 64501 | Swamp:1  | Identified the amulet "Maulac" {Faith rN++} (You found it
                  | on level 1 of the Swamp)
 64505 | Swamp:1  | Identified the +1 helmet of Impermeability {*Slow +Blink
                  | rElec rCorr} (You found it on level 1 of the Swamp)
 65154 | Depths:1 | Entered Level 1 of the Depths
 65154 | Depths:1 | Found a gateway to Hell.
 65743 | Depths:1 | Lost mutation: Your spells are a little harder to cast, but
                  | a little more powerful. [potion of mutation]
 65743 | Depths:1 | Gained mutation: You are robust. (+10% HP) [potion of
                  | mutation]
 65743 | Depths:1 | Gained mutation: Your body sometimes deteriorates upon
                  | taking damage. [potion of mutation]
 65743 | Depths:1 | Gained mutation: You expend magic power (3 MP) to
                  | strengthen your wands. [potion of mutation]
 65744 | Depths:1 | Lost mutation: Scrolls take you a little longer to read.
                  | [potion of mutation]
 65744 | Depths:1 | Lost mutation: You expend magic power (3 MP) to strengthen
                  | your wands. [potion of mutation]
 65744 | Depths:1 | Gained mutation: You are weak. (Str -2) [potion of
                  | mutation]
 65744 | Depths:1 | Lost mutation: You are weak. (Str -2) [potion of mutation]
 65744 | Depths:1 | Gained mutation: You are agile. (Dex +2) [potion of
                  | mutation]
 65747 | Depths:1 | Lost mutation: You are agile. (Dex +2) [potion of mutation]
 65747 | Depths:1 | Lost mutation: You are robust. (+10% HP) [potion of
                  | mutation]
 65747 | Depths:1 | Gained mutation: Armour fits poorly on your strangely
                  | shaped body. [potion of mutation]
 65747 | Depths:1 | Gained mutation: You have large cloven feet. [potion of
                  | mutation]
 65748 | Depths:1 | Lost mutation: Your body sometimes deteriorates upon taking
                  | damage. [potion of mutation]
 65748 | Depths:1 | Lost mutation: Armour fits poorly on your strangely shaped
                  | body. [potion of mutation]
 65748 | Depths:1 | Lost mutation: You have large cloven feet. [potion of
                  | mutation]
 65748 | Depths:1 | Gained mutation: You are weak. (Str -2) [potion of
                  | mutation]
 65748 | Depths:1 | Gained mutation: You are covered in fur. (AC +1) [potion of
                  | mutation]
 65748 | Depths:1 | Gained mutation: You are partially covered in iridescent
                  | scales. (AC +2) [potion of mutation]
 66217 | Depths:2 | Received a gift from Okawaru
 66217 | Depths:2 | Reached XP level 24. HP: 167/191 MP: 42/42
 66252 | Depths:2 | Noticed a caustic shrike
 66575 | Depths:2 | Found a gateway to a ziggurat.
 66779 | Depths:2 | Killed a caustic shrike
 67016 | Depths:2 | Identified the +7 plate armour of Youthful Indiscretion
                  | {Dex+4} (You found it on level 2 of the Depths)
 67019 | Depths:2 | Identified the +3 plate armour "Mawoni Jide" {Harm *Drain
                  | rCorr Str+2} (You found it on level 2 of the Depths)
 68430 | Depths:3 | Received a gift from Okawaru
 68565 | Depths:3 | Received a gift from Okawaru
 68924 | Depths:3 | Found a runed translucent gate.
 68925 | Depths:3 | Found a runed translucent gate.
 68926 | Depths:3 | Found a runed translucent gate.
 68927 | Depths:3 | Noticed Pikuto's ghost (adept MiBe)
 68946 | Depths:3 | Found a transporter.
 69357 | Depths:3 | Found a transporter.
 69367 | Depths:3 | Found the +8 autumn katana {vorpal, Clar}
 69588 | Depths:3 | Found a one-way gate leading to the halls of Pandemonium.
 69785 | Depths:4 | Identified the cursed +1 robe "Zolafed" {Str+2 Dex+2} (You
                  | found it on level 4 of the Depths)
 69826 | Depths:4 | Paralysed by a great orb of eyes for 2 turns
 69840 | Depths:4 | Received a gift from Okawaru
 69863 | Depths:4 | Found a one-way gate to the infinite horrors of the Abyss.
 70190 | Depths:4 | Reached XP level 25. HP: 163/199 MP: 39/43
 70217 | Depths:4 | Received a gift from Okawaru
 70223 | Depths:4 | Identified the +8 tower shield "Liunor Omoesk" {rF++
                  | Stlth+} (Okawaru gifted it to you on level 4 of the Depths)
 70409 | Depths:4 | Identified the +2 helmet "Mowiasum" {rElec Str+8 Dex+9}
                  | (You found it on level 4 of the Depths)
 70485 | Depths:4 | Learned a level 6 spell: Shadow Creatures
 70698 | Depths:4 | Found a snail-covered altar of Cheibriados.
 70704 | Depths:4 | Paralysed by a floating eye for 4 turns
 70713 | Depths:4 | Paralysed by a floating eye for 3 turns
 71985 | Depths:5 | Entered Level 5 of the Depths
 71986 | Depths:5 | Found a runed translucent door.
 71993 | Depths:5 | Found the +7 pair of quick blades "Gyre" and "Gimble"
                  | {protect}
 72027 | Depths:5 | Received a gift from Okawaru
 72432 | Depths:5 | Received a gift from Okawaru
 72585 | Depths:5 | Identified the +4 arbalest of Osekhloz {freeze, rF- Str+5
                  | Int+4}
 72695 | Depths:4 | Received a gift from Okawaru
 72698 | Depths:4 | Identified the +7 hunting sling "Oxtor" {flame, +Inv MR+
                  | MP+9} (Okawaru gifted it to you on level 4 of the Depths)
 73024 | Depths:5 | Found Ritiys's Jewellery Emporium.
 73286 | Depths:5 | Found a gate to the Realm of Zot.
 73362 | Depths:5 | Noticed a juggernaut
 73378 | Depths:5 | Killed a juggernaut
 73378 | Depths:5 | Reached XP level 26. HP: 202/208 MP: 35/43
 73904 | Crypt:1  | Entered Level 1 of the Crypt
 74003 | Vaults:4 | Killed Bai Suzhen
 74098 | Vaults:4 | Identified the +4 arbalest "Niddui" {venom, Fragile +Fly
                  | rElec Str+4}
 74400 | Vaults:5 | Entered Level 5 of the Vaults
 74490 | Vaults:4 | Received a gift from Okawaru
 74784 | Vaults:4 | Identified the +7 triple sword "Fiduog" {pain, Str+2}
                  | (Okawaru gifted it to you on level 4 of the Vaults)
 75143 | Vaults:4 | Received a gift from Okawaru
 75289 | Vaults:4 | Received a gift from Okawaru
 75629 | Vaults:5 | Noticed an ancient lich
 75642 | Vaults:5 | Killed an ancient lich
 75748 | Vaults:5 | Identified the +3 ring mail "Nyebol" {rPois} (You found it
                  | on level 5 of the Vaults)
 75988 | Vaults:5 | Identified the +5 hand axe of Reinforcement {freeze, MR+
                  | Dex+6}
 76036 | Vaults:5 | Got a heavily runed leather armour
 76042 | Vaults:5 | Identified the +3 leather armour "Culi" {Int+7} (You found
                  | it on level 5 of the Vaults)
 76266 | Vaults:5 | Received a gift from Okawaru
 76266 | Vaults:5 | Reached XP level 27. HP: 216/216 MP: 44/44
 76575 | Vaults:5 | Got a fading hand axe
 76576 | Vaults:5 | Identified the +11 hand axe of Veimasko {elec, +Blink +Rage
                  | Int-2 SInv} (You found it on level 5 of the Vaults)
 76625 | Vaults:5 | Received a gift from Okawaru
 76630 | Vaults:5 | Got a smouldering hunting sling {god gift}
 76631 | Vaults:5 | Identified the +10 hunting sling of Okawaru's Regard
                  | {venom, rC+} (Okawaru gifted it to you on level 5 of the
                  | Vaults)
 76703 | Vaults:5 | Got a silver rune of Zot
 76725 | Vaults:5 | Identified the Collected Works on Shifting Beguiling
 77412 | Depths:3 | Killed Pikuto's ghost
 77478 | Depths:3 | Reached skill level 15 in Conjurations
 77478 | Depths:3 | Reached skill level 15 in Hexes
 77478 | Depths:3 | Reached skill level 15 in Necromancy
 77478 | Depths:3 | Reached skill level 15 in Translocations
 77478 | Depths:3 | Reached skill level 15 in Transmutations
 77478 | Depths:3 | Reached skill level 15 in Fire Magic
 77478 | Depths:3 | Reached skill level 15 in Air Magic
 77478 | Depths:3 | Reached skill level 15 in Earth Magic
 77478 | Depths:3 | Reached skill level 15 in Poison Magic
 77536 | Depths:3 | Identified the +0 cloak "Tidadaimm" {*Contam +Fly MP+9
                  | Int+5} (You found it on level 3 of the Depths)
 77684 | Depths:3 | Got a transparent silver ring
 77687 | Depths:3 | Identified the cursed ring "Zeid" {rC+ Slay-4} (You found
                  | it on level 3 of the Depths)
 77696 | Depths:3 | Identified the +8 scale mail of Noughts and Crosses {rC-
                  | rCorr Str-2 Int+10} (You found it on level 3 of the Depths)
 77699 | Depths:3 | Got a translucent marble ring
 77700 | Depths:3 | Identified the ring of the King {Fire rElec} (You found it
                  | on level 3 of the Depths)
 77719 | Depths:3 | Acquired the ring of Eternal Harmony {Wiz rC+ Int+3 Dex+2
                  | Stlth+}
 77720 | Depths:3 | Acquired the +10 crystal plate armour of Ekkasho {MR+
                  | Str+4}
 78372 | Crypt:1  | Acquired a book of Alchemy
 78914 | Crypt:1  | Found the +6 lightning scales {run, rElec}
 78932 | Crypt:1  | Identified the +7 dire flail of Discomfort {drain, rElec
                  | rC- MR+++ Dex+3} (You found it on level 1 of the Crypt)
 79055 | Crypt:2  | Received a gift from Okawaru
 79124 | Crypt:2  | Received a gift from Okawaru
 79835 | Crypt:3  | Entered Level 3 of the Crypt
 80014 | Crypt:3  | Noticed Mara
 80018 | Crypt:3  | Noticed karrick's illusion
 80046 | Crypt:3  | Killed Mara
 80857 | Crypt:3  | Identified the ring "Bischi" {rN+ SInv}
 80891 | Crypt:3  | Noticed Mennas
 80921 | Crypt:3  | Killed Mennas
 81098 | Crypt:3  | Found a staircase to the Tomb.
 81624 | Depths:4 | Voluntarily entered the Abyss.
 81626 | Abyss:1  | Found a corrupted altar of Lugonu.
 82315 | Abyss:1  | Got a silken robe
 82535 | Abyss:1  | Received a gift from Okawaru
 83120 | Abyss:1  | Found a corrupted altar of Lugonu.
 83123 | Abyss:1  | Found a shadowy altar of Dithmenos.
 83556 | Abyss:2  | Found a broken altar of Ashenzari.
 83717 | Abyss:2  | Identified the +5 robe of the Swan {Rampage rElec Regen+
                  | Dex-4} (You found it on level 1 of the Abyss)
 84119 | Abyss:4  | Found a corrupted altar of Lugonu.
 84120 | Abyss:4  | Found an ancient bone altar of Kikubaaqudgha.
 84241 | Abyss:4  | Gained mutation: Armour fits poorly on your strangely
                  | shaped body. [a neqoxec]
 84273 | Abyss:4  | Received a gift from Okawaru
 84444 | Abyss:4  | Received a gift from Okawaru
 84495 | Abyss:4  | Identified the +1 hat of Midnight {rF++ Int+3} (Okawaru
                  | gifted it to you on level 4 of the Abyss)
 84521 | Abyss:4  | Paralysed by accursed screaming for 1 turns
 84526 | Depths:4 | Escaped the Abyss
 84942 | Depths:4 | Voluntarily entered the Abyss.
 85016 | Abyss:2  | Gained mutation: Your spells are a little easier to cast,
                  | but a little less powerful. [a shining eye]
 85050 | Abyss:2  | Lost mutation: You are weak. (Str -2) [potion of mutation]
 85050 | Abyss:2  | Lost mutation: Armour fits poorly on your strangely shaped
                  | body. [potion of mutation]
 85050 | Abyss:2  | Lost mutation: You are covered in fur. (AC +1) [potion of
                  | mutation]
 85050 | Abyss:2  | Lost mutation: You are partially covered in iridescent
                  | scales. (AC +2) [potion of mutation]
 85050 | Abyss:2  | Gained mutation: Your body sometimes deteriorates upon
                  | taking damage. [potion of mutation]
 85050 | Abyss:2  | Gained mutation: You occasionally shout uncontrollably at
                  | your foes. [potion of mutation]
 85050 | Abyss:2  | Gained mutation: You have sharp toenails. [potion of
                  | mutation]
 85051 | Abyss:2  | Lost mutation: Your spells are a little easier to cast, but
                  | a little less powerful. [potion of mutation]
 85051 | Abyss:2  | Lost mutation: You occasionally shout uncontrollably at
                  | your foes. [potion of mutation]
 85051 | Abyss:2  | Lost mutation: You have sharp toenails. [potion of
                  | mutation]
 85051 | Abyss:2  | Lost mutation: Your body sometimes deteriorates upon taking
                  | damage. [potion of mutation]
 85051 | Abyss:2  | Gained mutation: You are surrounded by a mild repulsion
                  | field. (EV +2) [potion of mutation]
 85051 | Abyss:2  | Gained mutation: Your muscles are strong. (Str +2) [potion
                  | of mutation]
 85167 | Abyss:3  | Found a corrupted altar of Lugonu.
 85255 | Abyss:4  | Found a corrupted altar of Lugonu.
 85337 | Abyss:4  | Paralysed by a floating eye for 2 turns
 85800 | Abyss:4  | Paralysed by accursed screaming for 1 turns
 85802 | Depths:4 | Escaped the Abyss
 85804 | Depths:4 | Voluntarily entered the Abyss.
 85804 | Abyss:1  | Found a corrupted altar of Lugonu.
 85875 | Abyss:1  | Noticed an ancient lich
 85948 | Abyss:1  | Killed an ancient lich
 86182 | Abyss:1  | Learned a level 6 spell: Statue Form
 86237 | Depths:4 | Escaped the Abyss
 86239 | Depths:4 | Voluntarily entered the Abyss.
 86241 | Abyss:1  | Noticed an ancient lich
 86263 | Abyss:1  | Found an opulent altar of Gozag.
 86298 | Abyss:1  | Noticed an ancient lich
 86630 | Abyss:2  | Found a corrupted altar of Lugonu.
 86994 | Depths:4 | Escaped the Abyss
 87226 | Depths:4 | Voluntarily entered the Abyss.
 87293 | Abyss:1  | Received a gift from Okawaru
 87521 | Abyss:2  | Found a sacrificial altar of Ru.
 87750 | Abyss:2  | Received a gift from Okawaru
 87894 | Abyss:2  | Received a gift from Okawaru
 88447 | Depths:4 | Escaped the Abyss
 88449 | Depths:4 | Voluntarily entered the Abyss.
 88523 | Abyss:1  | Noticed an ancient lich
 88553 | Abyss:1  | Killed an ancient lich
 89109 | Abyss:2  | Received a gift from Okawaru
 89645 | Abyss:3  | Found a corrupted altar of Lugonu.
 89834 | Depths:4 | Escaped the Abyss
 89874 | Zot:1    | Entered Level 1 of the Realm of Zot
 90826 | Zot:1    | Received a gift from Okawaru
 91102 | Zot:1    | Received a gift from Okawaru
 91403 | Zot:2    | Received a gift from Okawaru
 92822 | Zot:3    | Received a gift from Okawaru
 93233 | Zot:3    | Acquired a book of the Tempests
 93354 | Zot:3    | Received a gift from Okawaru
 94881 | D:14     | You paid a toll of 12 potions of heal wounds to enter a
                  | treasure trove
 94882 | Trove    | Entered a treasure trove
 94935 | Trove    | Identified the ring "Ojemox" {+Inv rPois rF+ MR+ SInv} (You
                  | found it in a treasure trove)
 94951 | Trove    | Identified the +3 ring mail "Setudgh" {+Fly rN+ Int+3} (You
                  | found it in a treasure trove)
 94953 | Trove    | Identified the +2 hat of Masochism {*Contam Int+6 Stlth+}
                  | (You found it in a treasure trove)
 94968 | D:14     | Acquired 488 gold pieces
 95293 | Elf:3    | Bought a manual of Long Blades for 1987 gold pieces
 95293 | Elf:3    | Bought a book of Unlife for 1170 gold pieces
 95639 | Hell     | Entered the Vestibule of Hell
 95639 | Hell     | Noticed Geryon
 96176 | Hell     | Killed Geryon
 96176 | Hell     | Received a gift from Okawaru
 96508 | Hell     | Identified the +7 great mace of Losiad {freeze, Fragile rC+
                  | MR+ Int+6} (Okawaru gifted it to you in the Vestibule of
                  | Hell)
 96560 | Hell     | Found a gateway to the Iron City of Dis.
 96712 | Hell     | Found a gateway to the decaying netherworld of Tartarus.
 97041 | Hell     | Found a gateway to the ashen valley of Gehenna.
 97298 | Hell     | Found a gateway to the freezing wastes of Cocytus.
 97534 | Pan      | Entered the realm of Gloorx Vloq.
 97534 | Pan      | Entered Pandemonium
 98130 | Pan      | Received a gift from Okawaru
 98322 | Pan      | Received a gift from Okawaru
 98327 | Pan      | Identified the -3 pair of gloves of the Chupacabra {+Blink
                  | Regen+ Stlth+} (Okawaru gifted it to you in Pandemonium)
 98537 | Pan      | Learned a level 6 spell: Ozocubu's Refrigeration
 98570 | Pan      | Noticed Gloorx Vloq
 98579 | Pan      | Killed Gloorx Vloq
 98591 | Pan      | Got a dark rune of Zot
 99184 | Pan      | Found a huge runed translucent gate.
 99185 | Pan      | Found a huge runed translucent gate.
 99185 | Pan      | Found a huge runed translucent gate.
 99186 | Pan      | Found a huge runed translucent gate.
 99345 | Pan      | Found a huge runed translucent gate.
 99834 | Pan      | Received a gift from Okawaru
100201 | Pan      | Found a huge runed translucent gate.
100202 | Pan      | Found a huge runed translucent gate.
100206 | Pan      | Noticed Awnostal the pandemonium lord
100530 | Pan      | Noticed Gualesch the pandemonium lord
100546 | Pan      | Killed Gualesch the pandemonium lord
100927 | Pan      | HP: 2/226 [hellion/damnation (26)]
100927 | Pan      | Killed from afar by a hellion

Illustrated notes

Levels and vault maps discovered:
D:1:      onia_arrival_pentagram, layout_loops_ring
D:2:      layout_basic, nemelex_lonely_heart_becter
D:3:      layout_basic, fiery_altar_vehumet
D:4:      layout_loops_ring, kennysheep_mini_moat, grunt_decor_one_mirror,
          nicolae_elemental_shop, uniq_robin, uniq_crazy_yiuf_cottage, uniq_ijyb
D:5:      kennysheep_spiral_hall, layout_rooms, grunt_temple_overflow_holy_war,
          lemuel_crystal_altar, portal_sewer_entry_f, kennysheep_generic_room_4
D:6:      layout_gridville, minmay_temple_entry_gardened_gates, uniq_grinder,
          uniq_sigmund
D:7:      layout_loops_ring, lightli_temple_of_fire,
          fedhas_bush_and_centaur_altar, uniq_joseph
D:8:      layout_loops_ring, xom_teletrap_fun, uniq_harold
D:9:      layout_gridville, dancing_weapons_uskayaw, lemuel_doored_altar,
          nemelex_xobeh_ov_fountains_minmay, grunt_gozag_statues,
          okawaru_gym_becter, orc_0_dummy, gammafunk_ghost_arena,
          minmay_fractal_squares_gapless_7
D:10:     layout_stronghold, muffindrake_ghost_dual_entry
D:11:     layout_stronghold, lair_entry_dummy, bh_hangedman_babel_library,
          uniq_snorg
D:12:     layout_basic
D:13:     layout_layer_cave, enter_bailey_6, chequers_serial_rivers_small_b,
          uniq_nessos, uniq_frances
D:14:     layout_basic, david_vaults_5, nicolae_sextant,
          nicolae_trove_entry_diagonal
D:15:     gammafunk_enter_depths_forms, layout_loops_cross, basic_altar
Temple:   compressed_dpeg_triangle_lava_temple
Lair:1:   layout_roguey, basic_altar, beast_lair_carwin_11
Lair:2:   layout_chaotic_city, ice2_lemuel, lemuel_fruit_tree
Lair:3:   layout_regular_city, dummy_spider_entry, chequers_serial_rivers_marsh,
          grunt_megastairs_4
Lair:4:   layout_loops_ring, minmay_swamp_entry_reptiles, uniq_kirke
Lair:5:   layout_cave_pods, st_stairs_8, chequers_serial_rivers_small_a
Lair:6:   evilmike_catoblepas_cave, layout_misc_corridors, slime_dummy
Swamp:1:  gammafunk_worm_tunnel, layout_basic_swamp,
          evilmike_swamp_ruin_house_5, swamp_pool3
Swamp:2:  layout_falls_marsh, serial_swamp_ruin, evilmike_swamp_ruin_house_3,
          evilmike_swamp_ruin_house_2, evilmike_swamp_ruin_wall, uniq_louise
Swamp:3:  layout_basic_swamp, hangedman_swamp_ruin_wall, swamp_pool2,
          nicolae_swamp_round_clearing, infiniplex_staircase_pool
Swamp:4:  swamp_alternative, layout_basic_swamp
Spider:1: layout_spider_delve
Spider:2: layout_spider_delve
Spider:3: cheibrodos_forgotten_conduit
Spider:4: grunt_spider_rune_circles, minivault_29
Orc:1:    layout_caves, library_closet
Orc:2:    grunt_orc_cross, layout_caves, serial_shops, shop, basic_altar,
          uniq_erolcha
Elf:1:    minmay_elf_arrival_summoners, layout_geoelf_octagon, evilmike_minifort
Elf:2:    layout_geoelf_diagonals, serial_shops, shop, grunt_ministairs_10,
          st_stairs_10, eino_tiny_chamber, corexii_hall_statues_l,
          einodemon_barbed_minivault
Elf:3:    grunt_elf_hall_branching, layout_loops_corners, serial_shops, shop,
          nicolae_shop_crystal, shop_fountains, laboratory
Vaults:1: v_alt_pattern_1, grunt_vaults_trifunnel, v_misc_3,
          nicolae_vaults_shelves_hall, nicolae_vaults_rhombus_5,
          vaults_room_corners, layout_vaults_omnigrid
Vaults:2: nicolae_vaults_border_crossing, vaults_room_door_ring,
          nicolae_vaults_big_ls, v_misc_26, minmay_crypt_entry_simple_plaza,
          v_misc_5, st_greater_box_3, v_misc_3, grunt_vaults_twisty,
          ontoclasm_vaults_decontamination, nicolae_vaults_little_squares_4,
          vaults_room_ringed_pool, vaults_dpeg_encased_lava,
          layout_vaults_omnibox, serial_shops, shop, uniq_frederick
Vaults:3: nicolae_vaults_ring_of_whatevers, v_misc_15,
          nicolae_vaults_little_squares_4, v_misc_30, v_pattern_3,
          hangedman_vaults_stretched_pinwheel, grunt_vaults_funneled_arena,
          nicolae_vaults_inception_scallops, v_alt_pattern_6,
          nicolae_vaults_little_squares_4, nicolae_vaults_shelves_hall,
          ontoclasm_vaults_twist, layout_vaults_omnicross, uniq_margery
Vaults:4: nicolae_vaults_twisting_passages, hangedman_vaults_locks,
          nicolae_vaults_yaktaur_gun_rack, v_misc_14, grunt_vaults_focal,
          vaults_dpeg_diagonal, hangedman_vaults_maws, v_misc_30,
          layout_vaults_chaotic_city, serial_shops, shop, mu_enter_wizlab_4,
          uniq_bai_suzhen
Vaults:5: serial_shops
Crypt:1:  layout_basic
Crypt:2:  layout_rooms, minmay_misc_feat_ornament
Crypt:3:  david_glass_crypt, layout_gridlike, tomb_entry_sphere_bobbens,
          uniq_mara, uniq_mennas
Depths:1: layout_gridlike, chequers_hall_statues_y, hell_entry,
          dk_noncrumbling_3, glass_columns_b, kennysheep_path_1, st_stairs_4,
          grunt_decor_clamped, drop_trap, serial_bayou_ford_a,
          serial_bayou_pond_c, kennysheep_generic_room_9
Depths:2: minmay_complete_graph, layout_basic, enter_ziggurat_f,
          minmay_misc_feat_cross, hell_entry, special_room
          [special_room_mythical_zoo], st_stairs_3
Depths:3: gammafunk_its_a_trap, layout_basic, rand_demon_pan_entry_8,
          hell_entry, gammafunk_ghost_tricky_traps, minmay_misc_feat_tiny,
          kennysheep_generic_room_13, infiniplex_staircase_zigzag_5
Depths:4: pf_snail_temple, layout_small_grid,
          nicolae_abyss_entry_one_way_or_another, hangedman_glass_teeth,
          grunt_hell_horde, chequers_serial_rivers_micro_b
Depths:5: evilmike_zot_entry_basic, layout_cave_pools,
          chequers_serial_rivers_room_a, serial_shops, shop,
          hangedman_tar_grid_catacomb, minmay_acid_items, serial_bayou_shore_a
Hell
Zot:1:    layout_gridlike, hangedman_zot_wheel_spokes
Zot:2:    layout_gridlike, zot_minivault_1
Zot:3:    layout_cellular_growth
Zot:4:    layout_concentric_octagons
Pan:      evilmike_gloorx_vloq_box, layout_pan_divisions_a
          [pan_division_quadrant_a4, pan_division_quadrant_a4,
          pan_division_quadrant_a4, pan_division_quadrant_a6,
          pan_division_octagon_box], nicolae_pan_lom_lobonic_1,
          nicolae_pan_giant_door, layout_pan_divisions_a
          [pan_division_quadrant_a6, pan_division_quadrant_a4,
          pan_division_quadrant_a4, pan_division_quadrant_a3,
          pan_division_octagon_empty], nicolae_pan_sigil_eeng,
          lemuel_hellion_island, layout_irregular_city

Skill      XL: |  1  2  3  4  5  6  7  8  9 10 11 12 13 14 15 16 17 18 19 20 21 22 23 24 25 26 27 |
---------------+----------------------------------------------------------------------------------+-----
Invocations    | 1 2 3 4 5 6 7 8 9 10 11 12 13 14 15 16 17 18 21 | 21.7
Long Blades    | 1 2 3 4 5 6 7 8 9 10 11 12 13 14 15 16 17 20 | 20.9
Axes           | 1 2 3 4 5 6 7 8 9 10 11 12 13 14 15 16 17 20 | 20.2
Maces & Flails | 1 2 3 4 5 6 7 8 9 10 11 12 13 14 15 16 17 20 | 20.2
Polearms       | 1 2 3 4 5 6 7 8 9 10 11 12 13 14 15 16 17 20 | 20.2
Staves         | 1 2 3 4 5 6 7 8 9 10 11 12 13 14 15 16 17 20 | 20.2
Slings         | 1 2 3 4 5 6 8 10 11 12 13 14 15 16 17 18 19 20 21 22 24 | 24.1
Bows           | 1 2 3 4 5 6 7 8 9 10 11 12 13 14 15 16 17 20 | 20.2
Crossbows      | 1 2 3 4 5 6 7 8 9 10 11 12 13 14 15 16 17 20 | 20.2
Armour         | 1 2 3 4 5 6 7 8 9 10 11 12 13 14 15 16 17 20 | 20.2
Shields        | 1 2 3 4 5 6 7 8 9 10 11 12 13 14 15 16 17 20 | 20.2
Unarmed Combat | 1 2 3 4 5 6 7 8 9 10 11 12 13 14 15 16 17 22 | 22.5
Spellcasting   | 1 2 3 4 5 6 7 8 9 10 11 12 13 14 15 16 17 20 | 20.2
Evocations     | 1 2 3 4 5 6 7 8 9 10 11 12 13 14 15 16 17 20 | 20.2
Conjurations   | 1 2 3 4 5 6 7 8 9 10 11 12 13 14 17 | 17.5
Hexes          | 1 2 3 4 5 6 7 8 9 10 11 12 13 14 17 | 17.5
Summonings     | 1 2 3 4 5 6 7 8 9 10 11 12 13 14 15 16 17 18 22 | 22.2
Necromancy     | 1 2 3 4 5 6 7 8 9 10 11 12 13 14 17 | 17.5
Translocations | 1 2 3 4 5 6 7 8 9 10 11 12 13 14 17 | 17.5
Transmutations | 1 2 3 4 5 6 7 8 9 10 11 12 13 14 17 | 17.5
Fire Magic     | 1 2 3 4 5 6 7 8 9 10 11 12 13 14 17 | 17.5
Ice Magic      | 1 2 3 4 5 6 7 8 10 11 12 13 14 15 16 17 18 21 | 21.7
Air Magic      | 1 2 3 4 5 6 7 8 9 10 11 12 13 14 17 | 17.5
Earth Magic    | 1 2 3 4 5 6 7 8 9 10 11 12 13 14 17 | 17.5
Poison Magic   | 1 2 3 4 5 6 7 8 9 10 11 12 13 14 17 | 17.5
Dodging        | 3 4 5 6 7 8 9 10 11 12 13 14 15 16 17 18 19 24 | 24.0
Stealth        | 8 9 10 11 12 13 14 15 16 17 18 19 20 24 | 24.6
Fighting       | 5 6 7 8 9 10 11 12 13 14 15 16 17 20 | 20.5
Short Blades   | 5 6 7 8 9 10 11 12 13 14 15 16 17 20 | 20.5
Throwing       | 5 6 7 8 9 10 11 12 13 14 15 16 17 20 | 20.5

Action                   |  1- 3 |  4- 6 |  7- 9 | 10-12 | 13-15 | 16-18 | 19-21 | 22-24 | 25-27 || total
-------------------------+-------+-------+-------+-------+-------+-------+-------+-------+-------++-------
Melee: Dagger            |    36 |       |   291 |     4 |       |       |       |       |       ||   331
       Bite              |     8 |    16 |    87 |   135 |   155 |   247 |   267 |   313 |  1231 ||  2459
       Whip              |    45 |   182 |   351 |   117 |       |       |       |       |       ||   695
       Flail             |       |       |    36 |       |       |       |       |       |       ||    36
       Hand axe          |       |       |     9 |       |       |       |       |       |  2360 ||  2369
       Rapier            |       |       |       |   135 |       |       |       |       |       ||   135
       Mace              |       |       |       |   189 |       |       |       |       |       ||   189
       Morningstar       |       |       |       |    70 |       |       |       |       |       ||    70
       Falchion          |       |       |       |   228 |       |       |       |       |       ||   228
       Demon trident     |       |       |       |   100 |  1109 |  1411 |  1595 |  1879 |  1353 ||  7447
       Unarmed           |       |       |       |     2 |       |       |       |       |       ||     2
       Katana            |       |       |       |       |       |       |       |       |  1287 ||  1287
Throw: Dart              |       |       |       |    32 |    90 |       |       |     1 |       ||   123
       Boomerang         |       |       |       |     6 |       |       |       |    63 |       ||    69
       Javelin           |       |       |       |       |       |       |       |    17 |     6 ||    23
 Cast: Silence           |       |       |       |       |     1 |       |       |    18 |    32 ||    51
       Passwall          |       |       |       |       |       |       |     4 |       |       ||     4
       Summon Demon      |       |       |       |       |       |       |       |     3 |    12 ||    15
       Summon Mana Viper |       |       |       |       |       |       |       |     2 |    18 ||    20
       Shadow Creatures  |       |       |       |       |       |       |       |       |    18 ||    18
       Statue Form       |       |       |       |       |       |       |       |       |     1 ||     1
Invok: Heroism           |       |       |       |     2 |     1 |     1 |       |     2 |    13 ||    19
 Abil: Evoke Blink       |       |       |       |     3 |    13 |       |       |       |       ||    16
       Evoke Flight      |       |       |       |       |       |       |     2 |     7 |     1 ||    10
       Stop Flying       |       |       |       |       |       |       |       |     6 |       ||     6
       End Transformatio |       |       |       |       |       |       |       |       |     1 ||     1
Evoke: Wand              |       |       |       |     9 |     7 |     3 |     7 |     4 |    13 ||    43
       Tin of tremorston |       |       |       |       |       |       |     1 |       |       ||     1
       Condenser vane    |       |       |       |       |       |       |       |     4 |     7 ||    11
  Use: Scroll            |       |       |     6 |    17 |    13 |     5 |    12 |    21 |    37 ||   111
       Potion            |       |       |     1 |     3 |     6 |     2 |     2 |    11 |     8 ||    33
 Stab: Sleeping          |     7 |    10 |    30 |    25 |    29 |    31 |    58 |    70 |    63 ||   323
       Distracted        |       |     2 |     2 |     1 |     7 |    26 |    17 |    23 |   143 ||   221
       Petrified         |       |       |       |       |    11 |       |       |       |       ||    11
       Held in net/web   |       |       |       |       |       |     2 |       |       |       ||     2
       Confused          |       |       |       |       |       |       |       |     2 |       ||     2
       Invisible         |       |       |       |       |       |       |       |       |    10 ||    10
       Paralysed         |       |       |       |       |       |       |       |       |     4 ||     4
Armor: Robe              |    17 |    50 |   128 |   115 |       |       |       |       |       ||   310
       Troll leather arm |       |       |       |    37 |       |       |       |       |       ||    37
       Scale mail        |       |       |       |    33 |   274 |   400 |       |       |       ||   707
       Ice dragon scales |       |       |       |     4 |       |     2 |    54 |       |       ||    60
       Fire dragon scale |       |       |       |       |       |       |    43 |       |       ||    43
       Shadow dragon sca |       |       |       |       |       |       |   161 |   451 |    19 ||   631
       Quicksilver drago |       |       |       |       |       |       |       |       |   408 ||   408
       Skin              |       |       |       |       |       |       |       |       |    11 ||    11
Dodge: Dodged            |    50 |    99 |   353 |   544 |   517 |   911 |   449 |   730 |  1831 ||  5484
Block: Buckler           |       |     9 |   195 |   362 |   453 |   730 |   401 |   631 |    12 ||  2793
       Tower shield      |       |       |       |       |       |       |       |       |  4712 ||  4712
       Rpst.: Falchion   |       |       |       |    35 |       |       |       |       |       ||    35
       Katana            |       |       |       |       |       |       |       |       |    66 ||    66

Table legend: (Time is in decaauts)
 A = Elapsed time spent in this place.
 B = Non-inter-level travel time spent in this place.
 C = Inter-level travel time spent in this place.
 D = Time resting spent in this place.
 E = Time spent auto-exploring this place.
 F = Levels seen in this place.
 G = Mean time per level.
                   A        B        C        D        E       F      G
               +--------+--------+--------+--------+--------+-----+--------+
         Total |  97829 |  89503 |   8326 |  19101 |  37410 |  80 | 1222.9 |
       Dungeon |  23551 |  20786 |   2765 |   4344 |  10768 |  15 | 1570.1 |
        Temple |    289 |    247 |     42 |      0 |    234 |   1 |  289.0 |
          Lair |   8597 |   7869 |    728 |   1294 |   4501 |   6 | 1432.8 |
         Swamp |   4525 |   4282 |    243 |    361 |   2517 |   4 | 1131.2 |
   Spider Nest |   6661 |   6386 |    275 |   2442 |   2223 |   4 | 1665.2 |
  Orcish Mines |   2260 |   2018 |    242 |    713 |    709 |   2 | 1130.0 |
   Elven Halls |   7097 |   6067 |   1030 |   1382 |   2293 |   3 | 2365.7 |
        Vaults |  13070 |  11735 |   1335 |   2259 |   5267 |   5 | 2614.0 |
         Crypt |   2926 |   2760 |    166 |    549 |   1209 |   3 |  975.3 |
        Depths |  11138 |   9851 |   1287 |   3223 |   3628 |   5 | 2227.6 |
          Hell |    893 |    851 |     42 |    146 |    363 |   1 |  893.0 |
           Zot |   4099 |   3930 |    169 |    383 |   2536 |   4 | 1024.8 |
         Abyss |   7404 |   7404 |      0 |    595 |    270 |  20 |  370.2 |
   Pandemonium |   3197 |   3197 |      0 |   1066 |    478 |   3 | 1065.7 |
         Trove |     86 |     86 |      0 |      0 |      0 |   1 |   86.0 |
         Sewer |    372 |    372 |      0 |      0 |    273 |   1 |  372.0 |
        Bailey |    381 |    381 |      0 |      0 |    137 |   1 |  381.0 |
        Wizlab |   1274 |   1274 |      0 |    342 |      0 |   1 | 1274.0 |
               +--------+--------+--------+--------+--------+-----+--------+

Top non-repeatable levels by time:
Vaults:2: 3628 daAuts
Depths:4: 3249 daAuts
     D:9: 3067 daAuts
Vaults:3: 2825 daAuts
   Elf:3: 2824 daAuts
 Abyss:2: 2814 daAuts
 Abyss:1: 2794 daAuts
Vaults:1: 2753 daAuts
    D:10: 2576 daAuts
     D:8: 2465 daAuts
Vaults:4: 2396 daAuts
   Elf:1: 2369 daAuts
Depths:1: 2300 daAuts
    D:14: 2138 daAuts
Spider:2: 2098 daAuts
